 Dungeon Crawl Stone Soup version 0.30.0-5-g1a98f26d00 (webtiles) character file.

Game seed: 8380647038104806777

109 VictoriousLee the Cudgeller (level 4, 0/28 HPs)
             Began as a Gargoyle Fighter on May 12, 2023.
             Slain by a gnoll
             ... wielding a +0 whip of draining
              (6 damage)
             ... on level 2 of the Dungeon.
             The game lasted 00:06:06 (1906 turns).

VictoriousLee the Cudgeller (Gargoyle Fighter)      Turns: 1906, Time: 00:06:06

Health: 0/28       AC: 12    Str: 21    XL:     4   Next: 89%
Magic:  4/4        EV:  9    Int:  9    God:
Gold:   168        SH:  4    Dex:  9    Spells: 3/3 levels left

rFire   . . .        a - +0 flail
rCold   . . .        c - +0 buckler
rNeg    + . .        b - +0 scale mail
rPois   ∞            t - +0 helmet
rElec   +            (no cloak)
rCorr   .            m - +0 pair of gloves
SInv    .            (no boots)
Will    .....        (no amulet) Stlth
                     (no ring)
HPRegen 0.24/turn    (no ring)
MPRegen 0.09/turn

%: no passive effects
@: no status effects
A: sickness immunity, AC +3, negative energy resistance 1, electricity
resistance, torment resistance 1, petrification resistance
a: no special abilities


You were on level 2 of the Dungeon.
You visited 1 branch of the dungeon, and saw 3 of its levels.

You collected 168 gold pieces.

Inventory:

Hand Weapons
 a - a +0 flail (weapon)
 s - a +2 spear of venom
Missiles
 e - 7 poisoned darts (quivered)
Armour
 b - a +0 scale mail (worn)
 c - a +0 buckler (worn)
 m - a +0 pair of gloves (worn)
 t - a +0 helmet (worn)
Scrolls
 f - 6 scrolls of identify {unknown}
 h - a scroll of poison {unknown}
 k - a scroll of butterflies {unknown}
 n - a scroll of fear {unknown}
 p - a scroll of brand weapon {unknown}
 q - a scroll of fog {unknown}
 u - a scroll of immolation {unknown}
Potions
 d - a potion of might
 g - a potion of lignification {unknown}
 i - 3 potions of mutation {unknown}
 j - 2 potions of heal wounds {unknown}
 l - 2 potions of curing {unknown}
 o - a potion of flight {unknown}
 r - a potion of degeneration {unknown}
 v - a potion of brilliance {unknown}


   Skills:
 - Level 3.2 Fighting
 + Level 4.9 Maces & Flails
 - Level 3.2 Armour
 - Level 3.2 Shields


You had 3 spell levels left.
You didn't know any spells.
Your spell library contained the following spells:

 Spells                   Type           Power      Damage    Failure   Level
 Apportation              Tloc           0%         N/A       80%         1
 Necrotise                Necr           0%         1d4       80%         1
 Summon Small Mammal      Summ           0%         N/A       80%         1
 Lesser Beckoning         Tloc           0%         N/A       90%         2
 Gell's Gravitas          Tloc           0%         N/A       99%         3
 Ozocubu's Armour         Ice            0%         N/A       99%         3
 Teleport Other           Tloc           0%         N/A       99%         3
 Metabolic Englaciation   Hex/Ice        0%         N/A       100%        5
 Simulacrum               Ice/Necr       0%         N/A       100%        6


Dungeon Overview and Level Annotations

Branches:
Dungeon (3/15)

Altars:


Innate Abilities, Weirdness & Mutations

You are immune to sickness and miasma.
Your stone body is resilient. (AC +3)
You are immune to poison.
You resist negative energy. (rN+)
You are resistant to electric shocks. (rElec)
You are resistant to unholy torment.
You are immune to petrification.


Message History

The gnoll closely misses you.
The gnoll hits you from afar with a +0 spear.
The gnoll hits you but does no damage.
The gnoll hits you with a +0 whip of draining.
The gnoll barely misses you.
You climb upwards.
There is a stone staircase leading down here.
The gnoll attacks as you move away! The gnoll hits you but does no damage.
The gnoll hits you with a +0 flail.
* * * LOW HITPOINT WARNING * * *
You hit the gnoll but do no damage. The gnoll hits you but does no damage.
Okay, then.
You hit the gnoll but do no damage. The gnoll hits you but does no damage.
You hit the gnoll.
The gnoll is lightly wounded.
The gnoll hits you but does no damage.
You hit the gnoll.
The gnoll is moderately wounded.
The gnoll hits you but does no damage.
You hit the gnoll.
The gnoll is heavily wounded.
The gnoll hits you but does no damage. You block the gnoll's attack.
You closely miss the gnoll.
The gnoll is heavily wounded.
The gnoll hits you but does no damage.
You barely miss the gnoll.
The gnoll is heavily wounded.
You block the gnoll's attack.
You closely miss the gnoll.
The gnoll is heavily wounded.
The gnoll hits you with a +0 whip of draining.
* * * LOW HITPOINT WARNING * * *
You hit the gnoll but do no damage.
The gnoll is heavily wounded.
The gnoll hits you with a +0 whip of draining.
* * * LOW HITPOINT WARNING * * *
You barely miss the gnoll.
The gnoll is heavily wounded.
The gnoll hits you with a +0 whip of draining.
You die...

############# ### ########
#...........#######.#####.......
#...........'...........####.##.
#...........#######.###.# #.##.
#########...#######.# #.# ##.##.
#...................###.# #.....
###########..#######.#...# #..##.
......#####..#######.#.#.###..##.
...............<@gg...........##.
..........#.######.#.###.###.....
......###.#.# #.#.# #.# #.###.
......# #...## #.#.# #.# #.....
.###### ###..# ###'#'###.# #.###.
..##### #..# #.........# #.# #.
#.....# #..# #.........# #.# #.
#####.# ##.###.......(.# #.# #.
.# ##'#### #.....#+#+###.# #.# #.


You could see 2 gnolls.

Vanquished Creatures
  4 gnolls (D:3)
  3 adders
  2 dart slugs
  2 endoplasms
  4 giant cockroaches
  2 goblins
  4 hobgoblins
  7 kobolds
  A quokka (D:3)
  5 ball pythons
  3 bats
  3 frilled lizards
  A rat (D:1)
41 creatures vanquished.

Notes
Turn   | Place    | Note
-------+----------+-------------------------------------------
     0 | D:1      | VictoriousLee the Gargoyle Fighter began the quest for the
                  | Orb.
     0 | D:1      | Reached XP level 1. HP: 14/14 MP: 1/1
   132 | D:1      | Reached XP level 2. HP: 19/19 MP: 2/2
   218 | D:1      | Reached skill level 3 in Maces & Flails
   696 | D:2      | Reached XP level 3. HP: 21/23 MP: 3/3
  1229 | D:2      | Reached skill level 4 in Maces & Flails
  1579 | D:3      | Reached XP level 4. HP: 22/28 MP: 4/4
  1906 | D:2      | Slain by a gnoll

Illustrated notes

Levels and vault maps discovered:
D:1:      dpeg_arrival_refuge, layout_basic
D:2:      layout_basic
D:3:      layout_basic, nicolae_sif_muna_condensation

Skill      XL: |  1  2  3 |
---------------+----------+-----
Maces & Flails | 3 4 |  4.9
Fighting       | |  3.2
Armour         | |  3.2
Shields        | |  3.2

Action                     |  1- 3 |  4- 6 || total
---------------------------+-------+-------++-------
  Melee: Flail             |    96 |    46 ||   142
 Armour: Scale mail        |    54 |    28 ||    82
  Dodge: Dodged            |    45 |    30 ||    75
  Block: Buckler           |    14 |     8 ||    22
